[Event "ICC tourney 2175 (45 10)"]
[Site "Internet Chess Club"]
[Date "2020.12.05"]
[Round "2"]
[White "jy2020"]
[Black "Openyagami"]
[Result "0-1"]
[ICCResult "White checkmated"]
[WhiteElo "2224"]
[BlackElo "2607"]
[Opening "Sicilian: Labourdonnais-Löwenthal (Kalashnikov) variation"]
[ECO "B32"]
[NIC "SI.32"]
[Time "15:31:18"]
[TimeControl "2700+10"]

1. e4 c5 2. Nf3 Nc6 3. d4 cxd4 4. Nxd4 e5 5. Nb5 d6 6. N1c3 a6 7. Na3 b5 8.
Nd5 Nge7 9. c4 Nxd5 10. exd5 Nd4 11. cxb5 g6 12. bxa6 Bg7 13. Be3 O-O 14.
Bd3 Nf5 15. Qd2 e4 16. Be2 Nxe3 17. fxe3 Qf6 18. Nc4 Bxa6 19. Rc1 Rfb8 20.
b3 Bxc4 21. Bxc4 Ra3 22. Rf1 Qg5 23. Kf2 Bh6 24. Rc2 Rba8 25. g3 Qe7 26. Re1
Bg7 27. Kg2 h5 28. Qf2 Be5 29. Kh1 Kg7 30. Bb5 h4 31. g4 h3 32. Rf1 R8a7 33.
Ba4 Qg5 34. Qe1 Qxg4 35. Qc1 Rc7 36. Bc6 Rca7 37. Ba4 R7xa4 38. bxa4 Rd3 39.
Rcf2 f6 40. a5 Rc3 41. Qd2 Qc8 42. Rb1 g5 43. Qe2 Kg6 44. a6 Ra3 45. a7 Rxa7
46. Qc2 Qxc2 47. Rxc2 Ra3 48. Rb3 Ra5 49. Rd2 Rc5 50. Rb1 Rc3 51. Re1 f5 52.
Kg1 Rc4 53. Rde2 Ra4 54. Kf1 Kf6 55. Kg1 Ra3 56. Rd1 Bc3 57. Rf2 Bb4 58.
Rdf1 f4 59. exf4 Bc5 60. fxg5+ Kxg5 61. Kh1 Bxf2 62. Rxf2 e3 63. Re2 Kf4 64.
Kg1 Kf3 65. Kf1 Rc3 66. a4 Rc1+ 67. Re1 e2+ 68. Kg1 Rxe1# {White checkmated}
0-1

[Event "ICC tourney 2175 (45 10)"]
[Site "Internet Chess Club"]
[Date "2020.12.05"]
[Round "2"]
[White "mchessmaster"]
[Black "GeorgeDai"]
[Result "0-1"]
[ICCResult "White resigns"]
[WhiteElo "1964"]
[BlackElo "2072"]
[Opening "Caro-Kann: exchange variation"]
[ECO "B13"]
[NIC "CK.02"]
[Time "15:31:33"]
[TimeControl "2700+10"]

1. e4 c6 2. d4 d5 3. exd5 cxd5 4. Bf4 Nf6 5. Nf3 Bg4 6. Be2 Nc6 7. c3 e6 8.
Qb3 Qd7 9. Nbd2 Bd6 10. Bxd6 Qxd6 11. Qxb7 Rb8 12. Qa6 O-O 13. O-O Rb6 14.
Qa3 Qxa3 15. bxa3 Ne4 16. Bd3 Nxc3 17. Rfc1 Ne4 18. Nxe4 dxe4 19. Bxe4 Bxf3
20. gxf3 Nxd4 21. Rc4 Rd8 22. Kg2 g5 23. Rd1 Rbd6 24. Rc7 Nb5 25. Rxd6 Rxd6
26. Rb7 Rb6 27. Rd7 Rd6 28. Rxd6 Nxd6 29. Bd3 h6 30. Kf1 Kg7 31. Ke2 Kf6 32.
Ke3 Ke5 33. a4 Nc8 34. a5 Ne7 35. a6 Nd5+ 36. Kd2 Kd4 37. a3 Nc7 38. Kc2 f6
39. Kd2 Kc5 40. Kc3 Kb6 41. Bc4 e5 42. Kd3 Kc5 43. h3 Ne8 44. Kc3 Nd6 45.
Bd3 Nb5+ 46. Kb2 Nd4 47. Be4 Ne6 48. Bf5 Nc7 49. Bc8 Kb6 50. Kc3 Nxa6 51.
Kc4 Nc7 52. Bd7 a6 53. a4 h5 54. a5+ Kxa5 55. Kc5 Nb5 56. Kd5 Nd4 57. Kd6
Nxf3 58. Ke6 Kb6 59. Kxf6 Kc5 60. Kf5 Kd6 61. Be8 Ng1 62. Bxh5 Nxh3 63. f3
Nf4 64. Bf7 a5 65. Kxg5 a4 66. Kf5 a3 67. Ke4 Ne6 {White resigns} 0-1

[Event "ICC tourney 2175 (45 10)"]
[Site "Internet Chess Club"]
[Date "2020.12.05"]
[Round "2"]
[White "Ethan03"]
[Black "investigator"]
[Result "0-1"]
[ICCResult "White resigns"]
[WhiteElo "1992"]
[BlackElo "2117"]
[Opening "Pirc: Austrian attack, 6.Bd3"]
[ECO "B09"]
[NIC "PU.02"]
[Time "15:31:36"]
[TimeControl "2700+10"]

1. e4 d6 2. d4 Nf6 3. Nc3 g6 4. f4 Bg7 5. Bd3 O-O 6. Nf3 Na6 7. O-O c5 8. d5
Bg4 9. a3 Nc7 10. h3 Bxf3 11. Qxf3 a6 12. a4 Rb8 13. Qe2 Qc8 14. Bc4 b6 15.
e5 Nd7 16. exd6 exd6 17. Ne4 Re8 18. Qf3 Bf8 19. Bb3 b5 20. c4 f5 21. Nc3 b4
22. Ne2 a5 23. Bd2 Bg7 24. Rab1 Nb6 25. g4 Qd7 26. Ng3 Nxa4 27. gxf5 Nxb2
28. fxg6 Qxh3 29. gxh7+ Kh8 30. Bc1 Bd4+ 31. Rf2 Re1+ {White resigns} 0-1

[Event "ICC tourney 2175 (45 10)"]
[Site "Internet Chess Club"]
[Date "2020.12.05"]
[Round "2"]
[White "TjkTiger"]
[Black "KRASAVCHIK"]
[Result "0-1"]
[ICCResult "White resigns"]
[WhiteElo "2589"]
[BlackElo "2660"]
[Opening "English: Anglo-Grünfeld defense"]
[ECO "A16"]
[NIC "EO.52"]
[Time "15:32:10"]
[TimeControl "2700+10"]

1. c4 Nf6 2. Nc3 d5 3. cxd5 Nxd5 4. Nf3 g6 5. h4 Bg7 6. e4 Nb6 7. d4 Bg4 8.
Be3 Nc6 9. d5 Ne5 10. Be2 Bxf3 11. gxf3 O-O 12. Bd4 c5 13. Bxc5 Nec4 14.
Bxb6 Qxb6 15. Bxc4 Qxb2 16. Rc1 Bxc3+ 17. Kf1 Rac8 18. Rc2 Qb4 19. Bb3 Be5
20. h5 Qd6 21. hxg6 fxg6 22. Rxc8 Rxc8 23. Qd2 Bf4 24. Qd4 a5 25. Kg2 b5 26.
a4 b4 27. Qa7 Rc3 28. Rb1 Kg7 29. Qxa5 Qf6 30. Bd1 Qg5+ 31. Kf1 Qh5 32. Qxb4
Qh1+ 33. Ke2 Qxf3+ 34. Ke1 Qh1+ 35. Ke2 Qh5+ 36. Ke1 Qe5 37. Rb3 Rc1 38. Rb1
Rc8 39. a5 Rb8 40. Qxb8 Qxe4+ 41. Be2 Qh1+ 42. Bf1 Bxb8 43. Rxb8 Qxd5 44.
Rb5 Qe4+ 45. Be2 Qa4 46. Kf1 h5 47. Kg2 Qe4+ 48. Bf3 Qa4 49. Be2 Qa2 50. Bf1
h4 51. Kg1 Qa1 52. Kg2 h3+ {White resigns} 0-1

[Event "ICC tourney 2175 (45 10)"]
[Site "Internet Chess Club"]
[Date "2020.12.05"]
[Round "2"]
[White "ChicagoExpert"]
[Black "python0812"]
[Result "0-1"]
[ICCResult "White checkmated"]
[WhiteElo "2089"]
[BlackElo "2059"]
[Opening "Nimzo-Indian: 4.e3 c5"]
[ECO "E41"]
[NIC "NI.15"]
[Time "15:31:35"]
[TimeControl "2700+10"]

1. d4 Nf6 2. c4 e6 3. Nc3 Bb4 4. e3 c5 5. Bd2 cxd4 6. exd4 b6 7. Nf3 Ba6 8.
Ne5 O-O 9. a3 Bxc3 10. Bxc3 d6 11. Nf3 d5 12. b3 Qc7 13. Rc1 dxc4 14. bxc4
Rd8 15. Ne5 Nc6 16. f4 Ne4 17. Bb2 f6 18. Nxc6 Qxc6 19. Qf3 Rac8 20. Bd3 Nd6
21. Qh3 f5 22. O-O Bxc4 23. Rfe1 Qb5 24. Bxc4 Nxc4 25. Ba1 Nd2 26. Rxc8 Rxc8
27. Bc3 Ne4 28. Rxe4 Rxc3 29. Qxc3 fxe4 30. Qc8+ Kf7 31. Qc7+ Kg6 32. Qe7
Qf5 33. Qh4 h6 34. Kf2 a5 35. Ke3 b5 36. g4 Qd5 37. Qe1 Qb3+ 38. Kxe4 Qxa3
39. Qb1 Qa4 40. Ke5+ Kf7 41. Qe4 Qc4 42. Qb7+ Kg8 43. Kd6 Qd5+ 44. Qxd5 exd5
45. Kxd5 a4 46. Kc6 a3 47. d5 a2 48. d6 a1=Q 49. d7 Qd4 50. Kc7 b4 51. g5
Qxf4+ 52. Kc8 Qxg5 53. h4 Qxh4 54. Kc7 b3 55. Kc6 b2 56. Kd6 b1=Q 57. Kc6
Qc4+ 58. Kd6 Qd1+ 59. Ke7 Qc7 60. Ke6 Qe2+ 61. Kf5 Qxd7+ 62. Kg6 Qf7#
{White checkmated}
0-1

[Event "ICC tourney 2175 (45 10)"]
[Site "Internet Chess Club"]
[Date "2020.12.05"]
[Round "2"]
[White "Enamul"]
[Black "HansNiemann"]
[Result "0-1"]
[ICCResult "White resigns"]
[WhiteElo "2466"]
[BlackElo "2628"]
[Opening "Ruy Lopez: closed, anti-Marshall 8.a4"]
[ECO "C88"]
[NIC "RL.18"]
[Time "15:31:19"]
[TimeControl "2700+10"]

1. e4 e5 2. Nf3 Nc6 3. Bb5 a6 4. Ba4 Nf6 5. O-O Be7 6. Re1 b5 7. Bb3 O-O 8.
a4 Bb7 9. d3 d6 10. Bd2 Qd7 11. Nc3 Nd4 12. Nxd4 exd4 13. Ne2 c5 14. Ng3 g6
15. h3 Rfc8 16. Qf3 c4 17. Ba2 d5 18. e5 Ne8 19. Bh6 Ng7 20. Bxg7 Kxg7 21.
Qf4 Bc5 22. h4 Rc6 23. Ne2 Qf5 24. Qxf5 gxf5 25. Rad1 Rb6 26. Nf4 Re8 27.
axb5 axb5 28. c3 dxc3 29. bxc3 b4 30. cxb4 Rxb4 31. dxc4 dxc4 32. Rb1 Be4
33. Rxb4 Bxb4 34. Re2 c3 35. Bb3 Ra8 36. f3 Bb1 37. Bc2 Bc5+ 38. Kf1 Ra1 39.
Re1 Ra2 40. Rxb1 Rxc2 41. Nd3 Be3 42. Rb3 f4 43. Ra3 Kg6 44. Ra6+ Kh5 45.
Rc6 Kxh4 46. Rh6+ Kg5 47. Rc6 h5 48. Rc4 h4 49. Rc8 Kf5 50. Rc6 Kg5 51. Rc4
Kh6 52. Nxf4 Rf2+ 53. Ke1 c2 54. Rc6+ Kh7 55. Rc7 Bxf4 56. Kxf2 c1=Q 57.
Rxc1 Bxc1 58. g3 Kg6 59. gxh4 Bf4 {White resigns} 0-1

[Event "ICC tourney 2175 (45 10)"]
[Site "Internet Chess Club"]
[Date "2020.12.05"]
[Round "2"]
[White "AJM04"]
[Black "annameiyappan"]
[Result "1-0"]
[ICCResult "Black resigns"]
[WhiteElo "2064"]
[BlackElo "1988"]
[Opening "Scandinavian (center counter) defense"]
[ECO "B01"]
[NIC "VO.17"]
[Time "15:31:26"]
[TimeControl "2700+10"]

1. e4 d5 2. exd5 Qxd5 3. d4 Nf6 4. Nf3 Bf5 5. Be2 e6 6. O-O Qd8 7. c4 c6 8.
Nc3 Bd6 9. Qb3 Qc8 10. Bg5 Nbd7 11. d5 O-O 12. Nd4 Nc5 13. Qd1 Nfe4 14. Nxe4
Nxe4 15. Nxf5 exf5 16. Bc1 cxd5 17. cxd5 Qd8 18. Bf3 Qh4 19. g3 Qf6 20. Be3
Rfd8 21. Qb3 b6 22. Rad1 Ng5 23. Bg2 Rac8 24. Qa4 Rc7 25. Rfe1 h6 26. Bd4
Qg6 27. Be5 Bxe5 28. Rxe5 f6 29. d6 Rcd7 30. Red5 Qh5 31. R5d3 Ne4 32. Bxe4
fxe4 33. Qxe4 Qe5 34. Qb4 Kf7 35. Kg2 Kf8 36. Rd5 Qe6 37. R1d3 Kf7 38. Qd4
Kf8 39. a4 Qf7 40. b4 Re8 41. b5 Qg6 42. Re3 Rxe3 43. Qxe3 Qe8 44. Qd3 Qa8
45. f3 Qe8 46. Kf2 Qc8 47. f4 Qc1 48. Qf5 Qb2+ 49. Kf3 Qc3+ 50. Kg4 Qc8 51.
Qe6 Qe8 52. f5 Qc8 53. Rd4 h5+ 54. Kxh5 g6+ 55. fxg6 Qc5+ 56. Rd5 Qc2 57.
Qxf6+ Kg8 58. Qe6+ Kh8 59. Qe8+ Kg7 60. Qxd7+ {Black resigns} 1-0

[Event "ICC tourney 2175 (45 10)"]
[Site "Internet Chess Club"]
[Date "2020.12.05"]
[Round "2"]
[White "javasri"]
[Black "Leolix"]
[Result "0-1"]
[ICCResult "White checkmated"]
[WhiteElo "1890"]
[BlackElo "1960"]
[Opening "Sicilian: Najdorf, 6...e6"]
[ECO "B95"]
[NIC "SI.04"]
[Time "15:31:35"]
[TimeControl "2700+10"]

1. e4 c5 2. Nf3 d6 3. d4 cxd4 4. Nxd4 Nf6 5. Nc3 a6 6. Bg5 e6 7. Qd2 Be7 8.
O-O-O b5 9. a3 Bb7 10. f3 Nbd7 11. Kb1 Rc8 12. h4 Nb6 13. g4 Nc4 14. Bxc4
Rxc4 15. Nce2 O-O 16. Nb3 Nxe4 17. fxe4 Bxe4 18. Rc1 Bxh1 19. Rxh1 Rxg4 20.
Qd3 h5 21. Bxe7 Qxe7 22. Qh3 Rc8 23. Nbd4 Qf6 24. Nf3 Qg6 25. Rc1 Qf6 26.
Ng5 Rcc4 27. Qd3 g6 28. b3 Rc8 29. Nf3 e5 30. Nc3 Qe6 31. Ne4 d5 32. Qxd5
Qxd5 33. Nf6+ Kg7 34. Nxd5 e4 35. Ng5 Rd8 36. c4 bxc4 37. bxc4 Rxh4 38. Rf1
Rd7 39. Nf6 Rb7+ 40. Kc2 e3 41. Ne8+ Kg8 42. Nd6 Re7 43. Kd3 e2 44. Re1 Rh2
45. c5 Rf2 46. Nde4 Rg2 47. Nf3 f5 48. Neg5 Kg7 49. Kd4 Kf6 50. Kd5 Rxg5 51.
Nxg5 Kxg5 52. Kd6 Re8 53. Kd7 Re4 54. c6 f4 55. c7 Rd4+ 56. Ke7 Rc4 57. Rxe2
Rxc7+ 58. Kd6 Rc3 59. a4 f3 60. Rf2 Kf4 61. Kd5 Ke3 62. Rf1 f2 63. a5 Ke2
64. Rxf2+ Kxf2 65. Ke5 h4 66. Kf4 h3 67. Kg5 h2 68. Kf6 h1=Q 69. Kg7 Rc7+
70. Kf6 Qc6+ 71. Kg5 Qd5+ 72. Kh6 Qh5# {White checkmated} 0-1

[Event "ICC tourney 2175 (45 10)"]
[Site "Internet Chess Club"]
[Date "2020.12.05"]
[Round "2"]
[White "mikoyansuren"]
[Black "Eraser007"]
[Result "1-0"]
[ICCResult "Black resigns"]
[WhiteElo "2046"]
[BlackElo "2170"]
[Opening "Nimzo-Indian: Leningrad variation"]
[ECO "E30"]
[NIC "NI.25"]
[Time "15:31:18"]
[TimeControl "2700+10"]

1. d4 Nf6 2. Bg5 e6 3. c4 Bb4+ 4. Nc3 c5 5. d5 b5 6. e4 h6 7. Bxf6 Qxf6 8.
Rc1 Bxc3+ 9. bxc3 bxc4 10. Bxc4 O-O 11. Ne2 d6 12. O-O e5 13. Bb5 Qd8 14. c4
Bb7 15. Rb1 Qc7 16. Qb3 Bc8 17. Qc3 Bd7 18. f3 a6 19. Bxd7 Nxd7 20. Rb3 Rfb8
21. Rfb1 Rxb3 22. Rxb3 Rb8 23. Rxb8+ Qxb8 24. Qb3 Qb4 25. Kf2 Nb6 26. Qxb4
cxb4 27. Ke3 Nxc4+ 28. Kd3 Nb6 29. Ng3 g6 30. Nf1 Kf8 31. Nd2 Ke7 32. Kc2 f5
33. Kb3 fxe4 34. fxe4 Nd7 35. Kxb4 Nc5 36. Ka5 Kd8 37. Kb6 Kd7 38. h3 Ke7
39. Kc6 Nd3 40. a3 Nc5 41. g4 a5 42. Kc7 a4 43. h4 h5 44. g5 Na6+ 45. Kb6
Nc5 46. Kc6 Nb3 47. Nf3 Nd4+ 48. Nxd4 exd4 49. Kc7 d3 50. e5 d2 51. exd6+
Kf7 52. d7 d1=Q 53. d8=Q Qc2+ 54. Kd7 Qf5+ 55. Kc7 Qc2+ 56. Kb7 Qb3+ 57. Kc8
Qxa3 58. Qf6+ Kg8 59. Qxg6+ Kf8 60. Qf6+ Kg8 61. Qe6+ Kg7 62. Qe5+ Kg8 63.
d6 Qc1+ 64. Kd7 a3 65. Ke7 Qb2 66. Qe6+ Kg7 67. Qf6+ Kh7 68. Qf7+ Kh8 69.
Qxh5+ Kg7 70. Qh6+ Kg8 71. d7 Qb4+ 72. Qd6 Qe4+ 73. Qe6+ {Black resigns} 1-0

[Event "ICC tourney 2175 (45 10)"]
[Site "Internet Chess Club"]
[Date "2020.12.05"]
[Round "3"]
[White "HansNiemann"]
[Black "IndianTerritory"]
[Result "1-0"]
[ICCResult "Black resigns"]
[WhiteElo "2620"]
[BlackElo "2181"]
[Opening "Caro-Kann: advance variation"]
[ECO "B12"]
[NIC "CK.04"]
[Time "18:01:49"]
[TimeControl "2700+10"]

1. d4 c6 2. e4 d5 3. e5 Bf5 4. Nf3 e6 5. Nbd2 Nd7 6. Be2 Ne7 7. O-O c5 8. c4
Nc6 9. cxd5 exd5 10. dxc5 Ndxe5 11. Nb3 Be7 12. Bf4 f6 13. Nfd4 Qd7 14. Bxe5
fxe5 15. Nxf5 Qxf5 16. Qxd5 Rd8 17. Qc4 Nd4 18. Nxd4 Rxd4 19. Qb3 Bxc5 20.
Qb5+ Kf7 21. Qxc5 b6 22. Qc7+ Rd7 23. Qc4+ Kf6 24. Bg4 Qd3 25. Qe6+
{Black resigns}
1-0

[Event "ICC tourney 2175 (45 10)"]
[Site "Internet Chess Club"]
[Date "2020.12.05"]
[Round "3"]
[White "Leolix"]
[Black "BreatheChessAls"]
[Result "1-0"]
[ICCResult "Black resigns"]
[WhiteElo "1962"]
[BlackElo "1903"]
[Opening "Queen's pawn, Mason variation"]
[ECO "D00"]
[NIC "QP.08"]
[Time "18:02:14"]
[TimeControl "2700+10"]

1. d4 d5 2. Bf4 c6 3. Nf3 Qb6 4. Qc1 Nf6 5. e3 Bf5 6. Nbd2 e6 7. Nh4 Bg4 8.
h3 Bh5 9. Bd3 Be7 10. Nhf3 Nbd7 11. O-O Bg6 12. Bxg6 hxg6 13. c4 O-O 14. c5
Qa6 15. b4 Rac8 16. a4 Ne4 17. Nxe4 dxe4 18. Nd2 f5 19. Qb2 b6 20. Qb3 Kf7
21. f3 exf3 22. Nxf3 Rfe8 23. Bg5 Bf6 24. e4 Kg8 25. exf5 gxf5 26. Rae1 bxc5
27. dxc5 Nf8 28. Bxf6 gxf6 29. Nd4 Kf7 30. Nxf5 Rcd8 31. Nd6+ Rxd6 32. cxd6
Nd7 33. Qf3 Qb6+ 34. Kh1 Qxb4 35. Qh5+ Kg7 36. Qxe8 {Black resigns} 1-0

[Event "ICC tourney 2175 (45 10)"]
[Site "Internet Chess Club"]
[Date "2020.12.05"]
[Round "3"]
[White "Alacritous"]
[Black "AJM04"]
[Result "1/2-1/2"]
[ICCResult "Game drawn by repetition"]
[WhiteElo "2197"]
[BlackElo "2052"]
[Opening "QGD Slav: 4.e3"]
[ECO "D11"]
[NIC "QP.06"]
[Time "18:02:05"]
[TimeControl "2700+10"]

1. Nf3 Nf6 2. d4 d5 3. c4 c6 4. e3 e6 5. Bd3 Nbd7 6. O-O dxc4 7. Bxc4 b5 8.
Bd3 Bb7 9. Qe2 a6 10. e4 Be7 11. Bf4 c5 12. a4 cxd4 13. axb5 axb5 14. Rxa8
Qxa8 15. Nxd4 e5 16. Nxb5 O-O 17. Bg5 h6 18. Bxf6 Nxf6 19. N1c3 Bc5 20. Rc1
Rc8 21. h3 g6 22. Qf3 Kg7 23. Rd1 Rd8 24. Rc1 Rc8 25. Qg3 Qb8 26. Qf3 Qa8
{Game drawn by repetition}
1/2-1/2

[Event "ICC tourney 2175 (45 10)"]
[Site "Internet Chess Club"]
[Date "2020.12.05"]
[Round "3"]
[White "annameiyappan"]
[Black "Drachekokosnuss"]
[Result "1-0"]
[ICCResult "Black resigns"]
[WhiteElo "2022"]
[BlackElo "2080"]
[Opening "Two knights defense"]
[ECO "C56"]
[NIC "KP.02"]
[Time "18:01:49"]
[TimeControl "2700+10"]

1. e4 e5 2. Nf3 Nc6 3. Bc4 Nf6 4. d4 exd4 5. O-O Nxe4 6. Re1 d5 7. Bxd5 Qxd5
8. Nc3 Qh5 9. Nxe4 Be6 10. Bg5 Bd6 11. Nxd6+ cxd6 12. Bf4 Qd5 13. c3 Qf5 14.
Qd2 O-O 15. Nxd4 Nxd4 16. Qxd4 d5 17. Re5 Qf6 18. Bg5 Qg6 19. Be7 Rfe8 20.
Rg5 Qh6 21. Bf6 g6 22. f4 Rac8 23. Rf1 Rc4 24. Qxa7 Bf5 25. Qxb7 Re2 26.
Qxd5 {Black resigns} 1-0

[Event "ICC tourney 2175 (45 10)"]
[Site "Internet Chess Club"]
[Date "2020.12.05"]
[Round "3"]
[White "funplaychess"]
[Black "IshanVannadil"]
[Result "0-1"]
[ICCResult "White checkmated"]
[WhiteElo "2286"]
[BlackElo "1902"]
[Opening "Catalan: open, 5.Nf3"]
[ECO "E04"]
[NIC "CA.03"]
[Time "18:02:22"]
[TimeControl "2700+10"]

1. d4 Nf6 2. c4 e6 3. g3 d5 4. Bg2 dxc4 5. Nf3 Bb4+ 6. Bd2 c5 7. Bxb4 cxb4
8. Qa4+ Nc6 9. Ne5 O-O 10. Nxc6 bxc6 11. Qxb4 Qxd4 12. Bxc6 Nd5 13. Qd2
Qxd2+ 14. Nxd2 Rb8 15. Nxc4 Rd8 16. O-O-O Ba6 17. Bxd5 exd5 18. Ne3 Rdc8+
19. Nc2 Bxe2 20. Rd2 Bh5 21. b3 f6 22. Kb2 a5 23. Re1 a4 24. b4 Bg6 25. a3
Rc7 26. Ne3 Rbc8 27. Nxd5 Rc2+ 28. Rxc2 Rxc2+ 29. Ka1 Bf7 30. Ne3 Ra2+ 31.
Kb1 Rxa3 32. Re2 Bg6+ 33. Kc1 Rc3+ 34. Kb2 Rb3+ 35. Ka2 Bf7 36. Ka1 Rxb4 37.
Rb2 Bb3 38. Rd2 a3 39. Rd7 Be6 40. Rd8+ Kf7 41. Nc2 Rb2 42. Nxa3 Ra2+ 43.
Kb1 Rxa3 44. Kc1 Rf3 45. Rd2 h5 46. Kd1 Bc4 47. Ke1 h4 48. Rd4 Be6 49. Rxh4
g5 50. Rd4 Ra3 51. h4 Ra1+ 52. Ke2 Ra2+ 53. Ke3 Ra3+ 54. Ke2 Kg6 55. hxg5
Kxg5 56. Rf4 Bg4+ 57. Kf1 Ra2 58. Kg2 Ra3 59. f3 Ra2+ 60. Kg1 Bh3 61. Rh4
Rg2+ 62. Kh1 Rxg3 63. Rh7 Bf5 64. Rh8 Rxf3 65. Kg2 Ra3 66. Kf2 Kf4 67. Rh4+
Bg4 68. Rh6 Ra2+ 69. Kf1 f5 70. Rb6 Kg3 71. Rb3+ Bf3 72. Ke1 Re2+ 73. Kf1
Rh2 74. Ke1 f4 75. Rc3 Rh1+ 76. Kd2 Rd1+ 77. Kc2 Rd8 78. Kb2 Rd4 79. Kc2 Kg2
80. Kb2 Be4 81. Ka3 f3 82. Kb2 f2 83. Rc1 Bf3 84. Kc2 Bd1+ 85. Kc3 f1=Q 86.
Kxd4 Qf4+ 87. Kd3 Qxc1 88. Kd4 Qd2+ 89. Ke5 Qe3+ 90. Kf5 Bc2+ 91. Kf6 Qf4+
92. Kg7 Qf5 93. Kh6 Qg6# {White checkmated} 0-1

[Event "ICC tourney 2175 (45 10)"]
[Site "Internet Chess Club"]
[Date "2020.12.05"]
[Round "3"]
[White "StayCalm"]
[Black "TjkTiger"]
[Result "0-1"]
[ICCResult "White resigns"]
[WhiteElo "2167"]
[BlackElo "2604"]
[Opening "King's Indian: Semi-Averbakh system"]
[ECO "E73"]
[NIC "KI.27"]
[Time "18:02:45"]
[TimeControl "2700+10"]

1. d4 Nf6 2. c4 g6 3. Nc3 Bg7 4. e4 d6 5. Be2 O-O 6. Be3 Nc6 7. d5 Ne5 8. h3
e6 9. f4 Ned7 10. Bf3 Nb6 11. Qd3 e5 12. fxe5 Nfd7 13. exd6 Ne5 14. Qc2
Nbxc4 15. Bf2 cxd6 16. Nge2 Nxb2 17. O-O Nxf3+ 18. gxf3 Nc4 19. Kh2 Qd7 20.
Ng1 Qe7 21. Rae1 Qe5+ {White resigns} 0-1

[Event "ICC tourney 2175 (45 10)"]
[Site "Internet Chess Club"]
[Date "2020.12.05"]
[Round "3"]
[White "python0812"]
[Black "brilliantnessme"]
[Result "1/2-1/2"]
[ICCResult "Game drawn by mutual agreement"]
[WhiteElo "2047"]
[BlackElo "2012"]
[Opening "Sicilian: Prins variation, Venice attack"]
[ECO "B55"]
[NIC "SI.01"]
[Time "18:01:55"]
[TimeControl "2700+10"]

1. e4 c5 2. Nf3 d6 3. d4 cxd4 4. Nxd4 Nf6 5. f3 e5 6. Bb5+ Nbd7 7. Nf5 d5 8.
exd5 a6 9. Ba4 b5 10. Bb3 Nb6 11. Ne3 Bc5 12. Nc3 O-O 13. O-O Bb7 14. Ne4
Bxe3+ 15. Bxe3 Nfxd5 16. Bc5 Re8 17. Nd6 Qc7 18. Nxb7 Qxb7 19. Qe1 Rac8 20.
Bf2 Nc4 21. a4 b4 22. Qe4 Qc6 23. Rfd1 Nf4 24. Qxc6 Rxc6 25. Rd7 Ne6 26. a5
Nxb2 27. Ra7 Rec8 28. Bb6 Nc4 29. Rxa6 Nxb6 30. axb6 Rb8 31. b7 Rxa6 32.
Rxa6 Rxb7 33. Bxe6 fxe6 34. Rxe6 Rb5 35. Rc6 Kf7 36. Kf2
{Game drawn by mutual agreement}
1/2-1/2

[Event "ICC tourney 2175 (45 10)"]
[Site "Internet Chess Club"]
[Date "2020.12.05"]
[Round "3"]
[White "Aleksandrov73"]
[Black "mikoyansuren"]
[Result "1-0"]
[ICCResult "Black resigns"]
[WhiteElo "2630"]
[BlackElo "2032"]
[Opening "QGD: Chigorin defense"]
[ECO "D07"]
[NIC "QP.08"]
[Time "18:02:00"]
[TimeControl "2700+10"]

1. d4 d5 2. c4 Nc6 3. e3 e5 4. dxe5 d4 5. a3 d3 6. Nf3 Bg4 7. Qxd3 Qxd3 8.
Bxd3 Bxf3 9. gxf3 Nxe5 10. Be2 Nf6 11. Bd2 O-O-O 12. Bc3 Ned7 13. Nd2 Nc5
14. O-O-O Be7 15. Kc2 Kb8 16. b4 Ne6 17. Nb3 Rxd1 18. Rxd1 Rd8 19. Rxd8+
Bxd8 20. Nd4 Nxd4+ 21. Bxd4 Be7 22. c5 Ne8 23. Bc4 f5 24. Kd3 Nf6 25. Be6 g6
26. Be5 Nh5 27. f4 b6 28. c6 b5 29. Bg8 Nf6 30. Bxf6 Bxf6 31. Bxh7 Bb2 32.
Bxg6 Bxa3 33. Kc3 Kc8 34. h4 Kd8 35. h5 Ke7 36. h6 Kf6 37. Bxf5 Bc1 38. Bd3
Ba3 39. e4 Kg6 40. e5+ Kxh6 41. f5 Kg7 42. Bxb5 Kh6 43. Bd3 Kg7 44. Kc4 Kf7
45. Be2 {Black resigns} 1-0

[Event "ICC tourney 2175 (45 10)"]
[Site "Internet Chess Club"]
[Date "2020.12.05"]
[Round "3"]
[White "mchessmaster"]
[Black "javasri"]
[Result "1/2-1/2"]
[ICCResult "Game drawn by mutual agreement"]
[WhiteElo "1973"]
[BlackElo "1911"]
[Opening "Sicilian: Scheveningen (Paulsen), classical variation"]
[ECO "B84"]
[NIC "SI.23"]
[Time "18:01:53"]
[TimeControl "2700+10"]

1. e4 c5 2. Nf3 d6 3. d4 cxd4 4. Nxd4 Nf6 5. Nc3 a6 6. Be2 e6 7. Be3 b5 8.
a3 Bb7 9. Bf3 Nbd7 10. O-O Nc5 11. Bg5 Be7 12. e5 dxe5 13. Nc6 Qxd1 14.
Rfxd1 e4 15. Bxf6 Bxc6 16. Bxe7 Kxe7 17. Be2 Rhd8 18. Rxd8 Rxd8 19. Rd1
Rxd1+ 20. Bxd1 e5 21. Kf1 f5 22. Ke2 Kd6 23. g3 g5 24. Kd2 Ne6 25. Ne2 Nd4
26. Ng1 g4 27. c3 Nf3+ 28. Nxf3 gxf3 29. Bc2 f4 30. b3 a5 31. Ke1 h6 32. Kd2
Bd5 33. g4 Ke7 34. c4 bxc4 35. bxc4 e3+ 36. fxe3 f2 37. Ke2 Bxc4+ 38. Kxf2
Bd5 39. exf4 exf4 40. h4 Kf6 41. Bd1 Ke5 42. Bf3 Be6 43. Bd1 Bd5
{Game drawn by mutual agreement}
1/2-1/2

[Event "ICC tourney 2175 (45 10)"]
[Site "Internet Chess Club"]
[Date "2020.12.05"]
[Round "3"]
[White "investigator"]
[Black "Enamul"]
[Result "0-1"]
[ICCResult "White resigns"]
[WhiteElo "2103"]
[BlackElo "2479"]
[Opening "English: Caro-Kann defensive system"]
[ECO "A11"]
[NIC "EO.64"]
[Time "18:01:54"]
[TimeControl "2700+10"]

1. c4 c6 2. g3 d5 3. Bg2 Nf6 4. Nf3 dxc4 5. Qc2 b5 6. b3 cxb3 7. axb3 Bb7 8.
Ne5 e6 9. O-O Nd5 10. Bb2 Be7 11. Nc3 O-O 12. d4 Nd7 13. Nd3 Nxc3 14. Qxc3
a5 15. Rfc1 b4 16. Qc2 Rc8 17. Qc4 Qc7 18. Ra2 Rfd8 19. Rca1 Ra8 20. d5 exd5
21. Bxd5 Rf8 22. Bg2 Bf6 23. Bxf6 Nxf6 24. Nc5 Bc8 25. Nd3 Ba6 26. Qxc6 Qxc6
27. Bxc6 Rac8 28. Nxb4 Bxe2 29. Rxa5 Rb8 30. Nd5 Rxb3 31. Nxf6+ gxf6 32. Rf5
Kg7 33. h3 Rc8 34. Bd5 Rb5 35. Ra7 Rxd5 36. Rxd5 Bf3 37. g4 Bxd5 38. Kh2 Rc3
39. h4 Rf3 40. Kg1 Rf4 {White resigns} 0-1

[Event "ICC tourney 2175 (45 10)"]
[Site "Internet Chess Club"]
[Date "2020.12.05"]
[Round "3"]
[White "Eraser007"]
[Black "ChicagoExpert"]
[Result "1-0"]
[ICCResult "Black resigns"]
[WhiteElo "2234"]
[BlackElo "2116"]
[Opening "Sicilian"]
[ECO "B50"]
[NIC "SI.01"]
[Time "18:02:35"]
[TimeControl "2700+10"]

1. e4 c5 2. Nf3 d6 3. c3 Nf6 4. h3 g6 5. Bd3 Bg7 6. Bc2 O-O 7. d4 cxd4 8.
cxd4 Nc6 9. Nc3 a6 10. O-O b5 11. a3 Bb7 12. d5 Na5 13. Qe2 Rc8 14. Rd1 Nd7
15. Nd4 Nc5 16. Rb1 Nc4 17. Na2 Nb6 18. b3 Qc7 19. Bb2 e6 20. dxe6 fxe6 21.
b4 Bxd4 22. Bxd4 e5 23. bxc5 exd4 24. Bb3+ Nc4 25. Bxc4+ bxc4 26. Qxc4+ Rf7
27. Rxd4 dxc5 28. Rd3 Kg7 29. Rbd1 Rcf8 30. R1d2 Bc8 31. Nc3 Qe5 32. Rd5 Qf6
33. Qxc5 Be6 34. R5d3 Rc8 35. Qe3 Rfc7 36. Ne2 Bc4 37. Rd6 Qa1+ 38. Rd1 Qb2
39. Qd4+ Qxd4 40. Nxd4 Kh6 41. Rc1 Bf7 42. Rxc7 Rxc7 43. Rxa6 Rc4 44. Rd6
Ra4 45. f4 Rxa3 46. Nf5+ {Black resigns} 1-0

[Event "ICC tourney 2175 (45 10)"]
[Site "Internet Chess Club"]
[Date "2020.12.05"]
[Round "3"]
[White "Chessking2008"]
[Black "Ethan03"]
[Result "1-0"]
[ICCResult "Black resigns"]
[WhiteElo "2166"]
[BlackElo "1994"]
[Opening "Nimzo-Indian: classical, Noa variation, 5.cd ed"]
[ECO "E35"]
[NIC "NI.23"]
[Time "18:01:59"]
[TimeControl "2700+10"]

1. d4 Nf6 2. c4 e6 3. Nc3 Bb4 4. Qc2 d5 5. cxd5 exd5 6. Nf3 O-O 7. Bg5 c6 8.
e3 Nbd7 9. Bd3 h6 10. Bh4 Re8 11. O-O Be7 12. Rab1 Ne4 13. Bxe7 Qxe7 14. b4
a6 15. Na4 f5 16. Nc5 b6 17. Nxd7 Bxd7 18. Ne5 Rec8 19. Rfc1 Nd6 20. Qe2 Rc7
21. Rc3 c5 22. bxc5 bxc5 23. Nxd7 Qxd7 24. Rxc5 Rxc5 25. dxc5 Ne4 26. Rc1
Qc6 27. f3 Nxc5 28. Bxf5 Qf6 29. Rxc5 Qxf5 30. e4 Qf4 31. Rxd5 Rb8 32. Rd1
Qe5 33. Qxa6 Qc5+ 34. Kh1 Qc2 35. Qf1 Qxa2 36. h3 Qc2 37. Qd3 Qf2 38. Qd6
Rf8 39. Qd5+ Kh8 40. Qh5 Qc2 41. Qd5 Qf2 42. Qd2 Qh4 43. Qe2 Qg3 44. e5 Re8
45. Re1 Re6 46. Qe4 g5 47. Re2 Ra6 48. Qd4 Ra8 49. e6+ Kg8 50. e7 Qb8 51.
Qd5+ Kg7 52. Qxa8 Qxa8 53. e8=Q {Black resigns} 1-0